 Dungeon Crawl Stone Soup version 0.28.0-47-ge53b351184 (webtiles) character file.

Game seed: 17042775705105441781

1481 bobregger the Fighter (level 8, -5/93 HPs)
             Began as an Ogre Berserker on May 1, 2022.
             Was a Follower of Trog.
             Slain by a wraith (9 damage)
             ... on level 5 of the Dungeon.
             The game lasted 00:09:08 (9130 turns).

bobregger the Fighter (Ogre Berserker)              Turns: 9130, Time: 00:09:09

Health: -5/93      AC:  7    Str: 22    XL:     8   Next: 79%
Magic:  8/8        EV: 11    Int:  8    God:    Trog [*.....]
Gold:   171        SH:  0    Dex: 10    Spells: 7/7 levels left

rFire   . . .      SeeInvis .   a - +0 mace
rCold   . . .      Faith    .   (no shield)
rNeg    . . .      Spirit   .   b - +0 animal skin
rPois   .          Reflect  .   (helmet restricted)
rElec   .          Harm     .   (no cloak)
rCorr   .          Rampage  .   (gloves unavailable)
Will    .....                   (boots unavailable)
Stlth   +.........              (no amulet)
HPRegen 0.25/turn               o - +4 ring of protection
MPRegen 0.11/turn               (no ring)

@: mighty, on berserk cooldown, attractive, flying, slowed, very slow
A: large, unfitting armour, tough skin 1, deterioration 1, mutation resistance 1
a: Renounce Religion, Berserk


You were on level 5 of the Dungeon.
You worshipped Trog.
Trog was aware of your devotion.
You visited 1 branch of the dungeon, and saw 6 of its levels.

You collected 171 gold pieces.

Inventory:

Hand Weapons
 a - a +0 mace (weapon)
Armour
 b - a +0 animal skin (worn)
Jewellery
 l - a ring of see invisible
 o - a +4 ring of protection (left hand)
 q - a ring of willpower
Wands
 k - a wand of polymorph (8)
Scrolls
 c - 5 scrolls of identify {unknown}
 d - a scroll of fog {unknown}
 e - 3 scrolls of immolation {unknown}
 n - a scroll of noise {unknown}
 r - a scroll of enchant weapon {unknown}
Potions
 h - 2 potions of magic
 i - a potion of attraction
 j - 3 potions of mutation
 p - a potion of might


   Skills:
 * Level 9.6 Fighting
 + Level 5.0 Maces & Flails
 * Level 6.7 Dodging


You had 7 spell levels left.
You didn't know any spells.
Your spell library was empty.

Dungeon Overview and Level Annotations

Branches:
Dungeon (6/15)             Temple (0/1) D:5

Altars:

Shops:
D:2 !


Innate Abilities, Weirdness & Mutations

You are too large for most types of armour.
You have tough skin. (AC +1)
Your body sometimes deteriorates upon taking damage.
You are somewhat resistant to further mutation.


Message History

You feel better. The wraith closely misses you. The wraith misses you.
You feel better. The wraith barely misses you. The wraith misses you.
The wraith hits you!
It was a potion of magic.
Magic courses through your body. The wraith closely misses you.
The wraith barely misses you. The wraith hits you.
* * * LOW HITPOINT WARNING * * *
The wraith drains your vigour!
You feel as though you will be slow longer.
It was a potion of attraction.
You feel attractive to monsters. The wraith barely misses you.
The wraith hits you but does no damage.
It was a potion of mutation.
You feel extremely strange.
You feel yourself wasting away.
You feel genetically stable.
You feel genetically unstable.
You feel genetically stable. The wraith barely misses you. The wraith hits you!
* * * LOW HITPOINT WARNING * * *
The wraith drains your vigour!
You feel as though you will be slow longer.
It was a potion of flight.
You feel very buoyant.
You fly up into the air.
The wraith hits you!
* * * LOW HITPOINT WARNING * * *
The wraith drains your vigour!
You feel as though you will be slow longer.
The wraith hits you but does no damage.
Okay, then.
The wraith hits you but does no damage.
It was a potion of might.
You feel very mighty all of a sudden. The wraith barely misses you.
You closely miss the wraith.
The wraith is moderately damaged.
The wraith closely misses you. The wraith hits you.
* * * LOW HITPOINT WARNING * * *
The wraith drains your vigour!
You feel as though you will be slow longer.
The wraith hits you!
You die...

##...##.#'.
#...##...##
#....##.##.
####.##..###..
#....###..#..#
#.#### ##...## #.#
##....
###############.#
#.###
#>.......oW@....#
##.###
#.###############
#####...## #.#
#....≈≈... #.#
#<###≈≈≈.# #.#
###### #.[...♣≈##
#.#
#....######.###...#
#.# #.##........#
##### #.#
##.#########.# #.#
##...## #.#


You could see a wraith and an orc.

Vanquished Creatures
  2 water moccasins
  A hornet zombie (D:6)
  An ogre (D:4)
  A phantom (D:5)
  A gnoll sergeant (D:5)
  2 scorpions
  A water moccasin zombie (D:3)
  A wyvern skeleton (D:6)
  A water moccasin skeleton (D:4)
  5 wights (D:6)
  A bullfrog zombie (D:5)
  2 hounds
  2 jellies
  2 orc priests
  Jessica (D:3)
  3 iguanas
  An orc wizard (D:5)
  4 gnolls
  4 adders
  A shadow imp (D:6)
  An adder skeleton (D:4)
  2 dart slugs
  10 orcs
  9 ball pythons
  A bat (D:2)
  4 endoplasms
  A giant cockroach (D:3)
  7 goblins
  A hobgoblin (D:1)
  4 jackals (D:4)
  3 quokkas
  8 frilled lizards
  7 kobolds
  3 rats
98 creatures vanquished.

Vanquished Creatures (others)
  A scorpion (D:5)
  6 plants (D:5)
7 creatures vanquished.

Grand Total: 105 creatures vanquished

Notes
Turn   | Place    | Note
-------+----------+-------------------------------------------
     0 | D:1      | bobregger the Ogre Berserker began the quest for the Orb.
     0 | D:1      | Reached XP level 1. HP: 24/24 MP: 1/1
    71 | D:1      | Reached XP level 2. HP: 21/32 MP: 2/2
   905 | D:1      | Reached XP level 3. HP: 34/40 MP: 3/3
   960 | D:1      | Found a faded altar of an unknown god.
  1413 | D:2      | Found Coamusoss's Distillery.
  1855 | D:2      | Reached skill level 5 in Fighting
  2203 | D:2      | Reached ** piety under Trog
  2204 | D:2      | Reached XP level 4. HP: 48/50 MP: 4/4
  2985 | D:3      | Noticed Jessica
  2994 | D:3      | Killed Jessica
  2995 | D:3      | Reached XP level 5. HP: 58/58 MP: 5/5
  3254 | D:3      | Reached skill level 6 in Fighting
  3838 | D:4      | Noticed a water moccasin
  3858 | D:4      | HP: 4/88 [poisoned by a water moccasin]
  3859 | D:4      | Killed a water moccasin
  3860 | D:4      | Reached XP level 6. HP: 4/68 MP: 6/6
  3863 | D:4      | HP: 2/102 [poisoned by a water moccasin]
  4203 | D:4      | Reached skill level 7 in Fighting
  4213 | D:4      | Reached XP level 7. HP: 46/78 MP: 7/7
  4349 | D:4      | Identified the +1 leather armour of Baldness {rN+ rCorr}
  4422 | D:4      | Reached skill level 5 in Dodging
  5132 | D:5      | Entered Level 5 of the Dungeon
  6009 | D:5      | Reached skill level 8 in Fighting
  6639 | D:5      | Found a staircase to the Ecumenical Temple.
  6733 | D:5      | Identified the +3 leather armour of Darkness {Drain rPois
                  | rC++ SInv}
  7196 | D:6      | Reached XP level 8. HP: 86/86 MP: 8/8
  7749 | D:6      | Reached skill level 9 in Fighting
  8584 | D:6      | Reached skill level 5 in Maces & Flails
  8752 | D:6      | Noticed a wraith
  9098 | D:5      | HP: 3/93 [wraith (3)]
  9123 | D:5      | Gained mutation: Your body sometimes deteriorates upon
                  | taking damage. [potion of mutation]
  9123 | D:5      | Gained mutation: You are somewhat resistant to further
                  | mutation. [potion of mutation]
  9123 | D:5      | Lost mutation: You are somewhat resistant to further
                  | mutation. [potion of mutation]
  9123 | D:5      | Gained mutation: You are somewhat resistant to further
                  | mutation. [potion of mutation]
  9129 | D:5      | HP: 4/93 [wraith (5)]
  9130 | D:5      | Slain by a wraith

Illustrated notes

Levels and vault maps discovered:
D:1:      elethiomel_arrival_infinity_welcomes_careful_drivers, layout_rooms,
          ebering_ecumenical_altar_abandoned
D:2:      layout_rooms, serial_shops, shop
D:3:      layout_basic, minmay_misc_feat_tiny, uniq_jessica
D:4:      layout_basic, st_stairs_5, kennysheep_generic_room_8
D:5:      layout_loops_ring, lemuel_temple_firewalk_a, serial_bayou,
          serial_bayou_shore_b, serial_bayou_shore_b, serial_bayou_pond_e,
          serial_bayou_shore_b, enter_ossuary_5, patterned_corridor
D:6:      minmay_skewed_foursquare, layout_basic, grunt_ministairs_1,
          minmay_three_doors

Skill      XL: |  1  2  3  4  5  6  7  8 |
---------------+-------------------------+-----
Dodging        | 3 4 5 6 |  6.7
Maces & Flails | 3 4 5 |  5.0
Fighting       | 5 6 7 8 9 |  9.6

Action                   |  1- 3 |  4- 6 |  7- 9 || total
-------------------------+-------+-------+-------++-------
Melee: Mace              |   114 |   103 |   218 ||   435
       Punch             |     1 |     2 |     3 ||     6
Invok: Berserk           |     2 |     4 |    12 ||    18
       Trog's Hand       |       |     1 |       ||     1
  Use: Potion            |       |     1 |    10 ||    11
Armor: Animal skin       |    34 |    20 |    44 ||    98
Dodge: Dodged            |    65 |    54 |   144 ||   263
